Map: Kairos Junction LE

Players

teem

  • Race: Zerg Zerg
  • League: Silver
  • Spawn Location: 11:00

ZaZen - Winner!

  • Race: Terran Terran
  • League: Silver
  • Spawn Location: 5:00

VOD

Have the link to the VOD?

Description

Time

  • Played on: May 18, 2019, 8:43 p.m.
  • Length: 13:27
Show
View Real Time Build Order
Export as new Build Order

teem Zerg 

Build Orders: Hatch First 

Get SALT Encoding   

  12  0:34  Hatchery  
  11  0:47  Spawning Pool  
  11  0:57  Drone  
  11  0:59  Drone  
  12  1:05  Drone  
  13  1:17  Drone  
  14  1:27  Extractor, Drone  
  14  1:37  Roach Warren  
  13  1:50  Queen  
  15  2:01  Queen  
  15  2:06  Drone  
  18  2:28  Roach  
  20  2:35  Overlord  
  20  2:38  Overlord  
  20  3:01  Roach  
  20  3:02  Roach x3  
  28  3:14  Roach  
  30  3:25  Roach  
  30  3:26  Roach  
  34  3:30  Roach  
  36  3:41  Overlord  
  36  4:00  Roach  
  36  4:01  Roach  
  40  4:21  Spore Crawler  
  40  4:22  Drone x3  
  42  4:25  Drone  
  44  4:31  Drone  
  30  5:20  Lair  
  28  5:21  Drone  
  28  5:22  Drone x2  
  28  5:24  Drone  
  28  5:25  Drone x4  
  36  5:29  Extractor  
  35  5:46  Spine Crawler  
  34  5:59  Spine Crawler  
  34  6:01  Spine Crawler  
  34  6:03  Zergling x12  
  37  6:22  Zergling x2  
  37  6:23  Zergling x4  
  38  6:43  Drone x3  
  38  6:44  Drone x3  
  44  6:58  Overlord x2  
  44  7:15  Metabolic Boost  
  44  7:19  Drone  
  44  7:20  Drone x2  
  47  7:23  Drone x2  
  40  8:06  Spire  
  40  8:10  Spine Crawler  
  38  8:15  Spine Crawler x2  
  38  8:16  Spore Crawler  
  38  8:18  Drone x3  
  38  8:19  Drone x6  
  43  8:45  Spore Crawler  
  31  9:29  Spore Crawler  
  30  9:49  Drone x6  
  33  10:00  Spire  
  33  10:05  Extractor  
  25  10:24  Drone x3  
  28  10:50  Queen  
  30  11:13  Roach x7  
  30  11:14  Roach x2  
  48  11:36  Mutalisk  
  48  11:37  Mutalisk x5  
Show
View Real Time Build Order
Export as new Build Order

ZaZen Terran - Winner!

Build Orders: Hellion Banshee 

Get SALT Encoding   

  12  0:01  SCV  
  13  0:16  Supply Depot  
  13  0:18  SCV  
  14  0:32  SCV, Refinery  
  15  0:44  SCV  
  16  0:56  SCV  
  17  1:09  Barracks  
  17  1:21  SCV  
  18  1:34  SCV  
  19  1:44  Command Center  
  19  1:46  SCV  
  20  1:57  Reaper  
  20  2:00  Supply Depot  
  21  2:06  Factory  
  21  2:16  Orbital Command  
  21  2:25  Refinery  
  21  2:37  Barracks Reactor  
  21  2:41  SCV  
  22  2:52  Starport  
  22  3:10  SCV  
  22  3:11  Orbital Command  
  22  3:25  Hellion x2  
  22  3:26  Barracks Tech Lab  
  26  3:35  Starport Tech Lab  
  26  3:36  Barracks  
  27  3:41  SCV x2  
  28  3:53  SCV  
  28  3:54  Hellion x2  
  33  4:00  Cloaking Field  
  33  4:05  Banshee  
  36  4:12  SCV x2  
  42  4:17  Hellion x2  
  42  4:22  Marine  
  43  4:27  Barracks  
  43  4:29  Barracks Reactor  
  38  4:56  Orbital Command  
  38  5:05  SCV  
  37  5:17  SCV  
  36  5:22  Hellion  
  38  5:30  Hellion, Banshee  
  43  5:38  Supply Depot  
  43  5:39  Supply Depot  
  43  5:46  Marine  
  43  5:48  Stimpack  
  43  5:49  Barracks Reactor  
  44  5:57  Factory  
  44  5:59  SCV x2  
  46  6:11  SCV  
  41  6:31  SCV x2  
  36  6:42  Banshee  
  36  6:43  SCV, Hellion x2  
  36  6:44  SCV, Marine x2  
  36  6:45  Marine x2  
  49  6:47  Factory Tech Lab  
  49  6:52  Command Center  
  49  6:53  Supply Depot  
  49  6:55  SCV  
  49  6:56  Supply Depot  
  49  6:59  SCV  
  51  7:05  Marine x5  
  51  7:08  SCV  
  57  7:11  SCV  
  58  7:17  Refinery x2  
  58  7:55  Combat Shield  
  58  7:57  Siege Tank  
  58  7:58  Medivac x2  
  65  8:05  Orbital Command, Supply Depot  
  65  8:13  Siege Tank  
  65  8:15  Marine x3  
  65  8:16  Marine  
  72  8:23  Engineering Bay x2  
  72  8:27  SCV x2  
  72  8:29  Supply Depot  
  74  8:39  SCV  
  75  8:51  Supply Depot  
  75  8:58  SCV x3  
  75  8:59  Marine x5  
  75  9:01  Siege Tank x2  
  75  9:02  Medivac x2  
  93  9:10  SCV  
  94  9:17  SCV x2, Marine x2  
  94  9:18  Marine x3  
  94  9:22  SCV  
  102  9:27  Terran Infantry Weapons Level 1, Refinery  
  102  9:29  Missile Turret  
  102  9:30  Refinery  
  102  9:32  Medivac  
  102  9:33  Missile Turret, Siege Tank x2  
  102  9:35  Marine x2  
  102  9:36  SCV x2, Missile Turret, Marine  
  102  9:37  SCV, Marine  
  117  10:15  Marine  
  117  10:16  SCV x3, Medivac, Siege Tank, Marine x4  
  117  10:18  Supply Depot  
  117  10:19  Supply Depot x2  
  127  10:25  Siege Tank  
  128  10:28  SCV  
  128  10:29  Terran Infantry Armor Level 1  
  128  10:31  Armory  
  128  10:34  Marine  
  129  10:39  Supply Depot  
  129  10:48  SCV x2, Siege Tank  
  129  10:49  SCV  
  135  10:51  Marine x2  
  135  10:52  Marine x3  
  135  10:54  Medivac x2  
  135  10:56  Supply Depot  
  144  10:57  Supply Depot x2  
  144  11:05  Concussive Shells  
  144  11:09  Marine  
  145  11:14  Marine  
  145  11:15  Marine x3  
  145  11:16  Siege Tank  
  152  11:21  Siege Tank  
  152  11:24  Medivac  
  157  11:27  Marine  
  158  11:36  SCV x3, Marine  
  158  11:37  Marine x3  
  165  11:45  Marine  
  164  11:48  SCV  
  162  12:05  Marine x5  
  162  12:06  Siege Tank x2  
  162  12:07  Medivac x2  
  177  12:22  Marine  
  177  12:23  Marine x2  
  177  12:25  SCV x3, Marine x2  
  183  12:37  SCV, Medivac x2  
  183  12:38  Siege Tank  
  183  12:40  Marine x3  
  183  12:43  Marine x2  
  191  12:58  Marine  
Tags
 
Add a new tag
Caveats
  • Supply blocks, unpowered buildings, or Contaminate may cause inaccurate times.
  • Supply counts are checked every 10 seconds.